 Dungeon Crawl Stone Soup version 0.18-a0-1655-ge2d8d33 (webtiles) character file.

14227 Chiseanne the Fighter (level 11, 88/93 HPs)
             Began as a Demonspawn Monk on Mar 30, 2016.
             Was an Initiate of Gozag.
             Drowned
             ... on level 11 of the Dungeon.
             The game lasted 01:08:43 (14618 turns).

Chiseanne the Fighter (Demonspawn Monk)            Turns: 14618, Time: 01:08:43

Health: 88/93      AC: 15    Str: 13    XL:     11   Next: 85%
Magic:  38/38      EV: 18    Int: 13    God:    Gozag
Gold:   566        SH: 10    Dex: 18    Spells: 0 memorised, 10 levels left

rFire  . . .     SeeInvis .     s - +4 dagger (venom)
rCold  + . .     Gourm    .     t - +3 leather armour {rC+}
rNeg   . . .     Faith    .     U - +0 shield
rPois  .         Spirit   +     (helmet unavailable)
rElec  .         Dismiss  .     L - +1 cloak of Servitude {MP+9 Dex+2}
rCorr  .         Reflect  .     m - +0 pair of gloves
SustAt .         Harm     .     G - +0 pair of boots
MR     .....                    B - amulet of guardian spirit
Stlth  +.........               E - ring of magical power
                                e - ring of magical power

@: about to teleport, not resistant to hostile enchantments, very unstealthy
A: horns 3, yellow scales 2, demonic guardian 1, powered by death 1
a: Potion Petition, Call Merchant, Bribe Branch, Renounce Religion


You were on level 11 of the Dungeon.
You worshipped Gozag.
Gozag was noncommittal.
You were not hungry.

You visited 2 branches of the dungeon, and saw 12 of its levels.

You collected 2576 gold pieces.
You spent 803 gold pieces at shops.
You paid 1207 gold pieces to Gozag.

Inventory:

Hand Weapons
 a - a +2 flail of crushing
 i - a +1 mace of protection
 s - a +4 dagger of venom (weapon)
 w - a +2 blowgun of evasion
 A - a +0 war axe of freezing
 K - a +0 scimitar
 T - a +2 hand axe of chopping
Missiles
 g - 39 sling bullets
 l - 35 poisoned needles
 o - 17 bolts
 q - 18 tomahawks (quivered)
 z - a throwing net
 C - 3 javelins
 V - 8 curare-tipped needles
Armour
 m - a +0 pair of gloves (worn)
 t - a +3 leather armour of cold resistance (worn)
 u - a +1 leather armour of cold resistance
 G - a +0 pair of boots (worn)
 L - the +1 cloak of Servitude (worn) {MP+9 Dex+2}
   (You found it on level 9 of the Dungeon)

   It affects your dexterity (+2).
   It affects your magic capacity (+9).
 M - the +0 cloak of the Shore {+Fly}
   (You bought it in a shop on level 10 of the Dungeon)

   It lets you fly.
 R - a +2 ring mail of cold resistance
 U - a +0 shield (worn)
Jewellery
 e - a ring of magical power (left hand)
 B - an amulet of guardian spirit (around neck)
 E - a ring of magical power (right hand)
Wands
 c - a wand of random effects (9/48)
 Q - a wand of iceblast (5/15)
 S - a wand of slowing (12/48)
Scrolls
 f - 5 scrolls of amnesia
 n - 3 scrolls of fog
 r - 2 scrolls of recharging
 x - a scroll of remove curse
 F - a scroll of magic mapping
 O - a scroll of blinking
Potions
 h - a potion of haste
 p - 4 potions of curing
 v - 2 potions of magic
 I - a potion of degeneration {unknown}
 J - a potion of ambrosia {unknown}
 N - a potion of berserk rage {unknown}
 P - a potion of heal wounds
Books
 d - the Volume of Supportive Beguiling
   (You found it on level 9 of the Dungeon)

   Spells                             Type                      Level
   a - Slow                           Hexes                        2
   b - Summon Guardian Golem          Hexes/Summoning              3
   c - Recall                         Summoning/Translocation      3
   d - Summon Mana Viper              Hexes/Summoning              5
 y - a book of Transfigurations

   Spells                             Type                      Level
   a - Irradiate                      Conjuration/Transmutation    5
   b - Statue Form                    Transmutation/Earth          6
   c - Hydra Form                     Transmutation                6
   d - Dragon Form                    Transmutation                7
Comestibles
 b - 6 bread rations
 k - 5 meat rations


   Skills:
 * Level 11.2 Fighting
 * Level 8.7 Armour
 * Level 10.1 Dodging
 - Level 1.7 Stealth
 * Level 6.6 Shields
 - Level 3.6 Unarmed Combat


You had 10 spell levels left.
You didn't know any spells.

Dungeon Overview and Level Annotations

Branches:
Dungeon (11/15)            Temple (1/1) D:4            Lair (0/8) D:8
    Orc (0/2) D:11

Altars:
Ashenzari
Cheibriados
Dithmenos
Elyvilon
Fedhas
Gozag
Kikubaaqudgha
Makhleb
Nemelex Xobeh
Okawaru
Pakellas
Qazlal
Ru
Sif Muna
Trog
Vehumet
Xom
Yredelemnul
Zin
The Shining One

Shops:
D:7 (   D:9 }   D:10 [*[%}=   D:11 :=


Innate Abilities, Weirdness & Mutations

You have a pair of large horns on your head.
You are mostly covered in yellow scales (AC +3).
A weak demonic guardian rushes to your aid.
You regenerate a little health from kills.


Message History

You finish eating.
That bread ration really hit the spot!
Drink which item? (? for menu, Esc to quit)
You feel very buoyant.
You fly up into the air.
A crimson imp comes into view.
The crimson imp shouts!
The crimson imp closely misses you. The crimson imp closely misses you.
The crimson imp throws a stone.
The stone hits you but does no damage.
You hear a splash.
The crimson imp blinks!
Careful!
You are starting to lose your buoyancy.
Read which item? (? for menu, Esc to quit)
As you read the scroll of teleportation, it crumbles to dust.
You feel strangely unstable.
You float gracefully downwards.
You fall into the water!
You sink like a stone!
You drown...
You die...
Your body crumbles into a pile of gold.

#######.###..#.#...###
#.......#......##.## #
#.####..#.#....)..# #
#.≈≈≈≈≈≈≈≈≈#.###### #
#≈≈#≈#####≈≈......# #
#≈≈##≈#≈≈≈##≈≈.)...# #
≈≈##≈≈#≈#≈≈##≈≈....# #
#≈##≈≈##≈##≈≈##≈....####
#≈#≈≈##@≈###≈≈#≈....#...
##≈#≈##≈≈## ##≈#≈....#)##
#.≈#≈#≈≈## #5#≈....#.## #.≈#≈##≈
##≈#≈...##.## #.≈#≈≈##
##≈≈#≈...##.# #.≈##≈≈##
##≈≈##≈...##.#
#.≈≈##≈≈###≈≈##≈≈..###.#
#########.#≈≈##≈≈≈≈≈##≈≈<#.###)#
..........##≈≈#######≈≈#.......#


There were no monsters in sight!

Vanquished Creatures
  Snorg (D:11)
  A hydra (D:10)
  Sonja (D:11)
  3 unseen horrors
  A hill giant (D:9)
  An ugly thing (D:11)
  2 polar bears (D:10)
  3 trolls
  Sigmund (D:3)
  2 water elementals (D:11)
  The ghost of Sargon the Ruffian, an amateur TrMo (D:4)
  2 wyverns
  6 yaks
  Grum (D:8)
  3 hippogriffs
  A steam dragon (D:9)
  2 hell hounds (D:8)
  6 orc warriors
  5 ice beasts
  2 sky beasts
  8 ogres
  A phantom (D:6)
  7 centaurs
  An eye of draining (D:11)
  3 wolves
  2 big kobolds
  3 giant frogs
  A wyvern zombie (D:7)
  8 killer bees
  2 scorpions
  5 howler monkeys
  An electric eel (D:11)
  9 crimson imps
  A wasp zombie (D:9)
  A centaur zombie (D:9)
  4 quasits
  8 orc priests
  4 hounds
  4 jellies
  2 centaur skeletons
  2 iguanas
  Natasha (thrice) (D:4)
  10 orc wizards
  11 worker ants
  A hound zombie (D:5)
  A hound skeleton (D:5)
  A gnoll (D:1)
  19 adders
  A hound simulacrum (D:8)
  4 shadow imps
  3 white imps (D:8)
  3 oozes
  An ufetubus (D:8)
  An adder zombie (D:7)
  3 worms
  3 dart slugs
  7 giant geckos
  54 orcs
  14 bats
  2 giant cockroaches
  5 goblins
  5 hobgoblins
  13 jackals
  10 kobolds
  9 quokkas
  2 ball pythons
  A giant cockroach zombie (D:6)
  3 giant gecko skeletons
  4 giant newts
  5 rats
321 creatures vanquished.

Vanquished Creatures (collateral kills)
  A polar bear (D:8)
  A hippogriff (D:7)
  An orc warrior (D:9)
  An ogre (D:7)
  A phantom (D:4)
  A giant frog (D:9)
  A howler monkey (D:3)
  An orc wizard (D:3)
  A shadow imp (D:9)
  An adder zombie (D:5)
  An orc (D:3)
11 creatures vanquished.

Vanquished Creatures (others)
  A quokka (D:2)
1 creature vanquished.

Grand Total: 333 creatures vanquished

Notes
Turn   | Place    | Note
--------------------------------------------------------------
     0 | D:1      | Chiseanne the Demonspawn Monk began the quest for the Orb.
     0 | D:1      | Reached XP level 1. HP: 18/18 MP: 1/1
   226 | D:1      | M4edhros: hi tehre
   226 | D:1      | Chiseanne: hi
   247 | D:1      | Gained mutation: You have a pair of small horns on your head. [demonic ancestry]
   247 | D:1      | Reached XP level 2. HP: 18/24 MP: 2/2
   373 | D:1      | Chiseanne: sup?
   551 | D:1      | Gained mutation: You have a pair of horns on your head. [demonic ancestry]
   551 | D:1      | Reached XP level 3. HP: 22/29 MP: 3/3
   964 | D:2      | Found a white marble altar of Elyvilon.
   987 | D:2      | Reached skill level 4 in Fighting
  1078 | D:2      | You fall through a shaft for 2 floors!
  1102 | D:4      | Gained mutation: A weak demonic guardian rushes to your aid. [demonic ancestry]
  1102 | D:4      | Reached XP level 4. HP: 27/37 MP: 4/4
  1437 | D:4      | Noticed Natasha
  1461 | D:4      | Killed Natasha
  1511 | D:4      | Noticed Sargon's ghost (amateur TrMo)
  1540 | D:5      | Entered Level 5 of the Dungeon
  1551 | D:5      | Reached XP level 5. HP: 4/43 MP: 5/5
  1552 | D:5      | Noticed an ogre
  1870 | D:4      | Noticed Natasha
  1871 | D:4      | Killed Natasha
  1885 | D:4      | Reached skill level 5 in Fighting
  2200 | D:3      | Noticed Sigmund
  2306 | D:2      | Found an ancient bone altar of Kikubaaqudgha.
  2309 | D:2      | Found a shattered altar of Ashenzari.
  2607 | D:2      | HP: 2/44 [poisoned by an adder]
  2730 | D:2      | Gained mutation: You have a pair of large horns on your head. [demonic ancestry]
  2730 | D:2      | Reached XP level 6. HP: 22/51 MP: 6/6
  3356 | D:3      | Reached skill level 5 in Dodging
  3851 | D:3      | Killed Sigmund
  3851 | D:3      | Reached skill level 6 in Fighting
  3851 | D:3      | Reached XP level 7. HP: 39/58 MP: 7/7
  4362 | D:4      | Found a basalt altar of Yredelemnul.
  4454 | D:4      | M4edhros: fine, just splashed accidentaly rly good char
  4455 | D:4      | Chiseanne: same :D
  4466 | D:4      | Killed Sargon's ghost
  4466 | D:4      | Reached skill level 1 in Armour
  4491 | D:4      | Noticed Natasha
  4491 | D:4      | M4edhros: yep, got amulet of harm +6slaying
  4499 | D:4      | Killed Natasha
  4501 | D:4      | Chiseanne: omfg
  4501 | D:4      | M4edhros: was using slings as chei
  4501 | D:4      | Chiseanne: Im jealous!
  4501 | D:4      | M4edhros: it was nice
  4501 | D:4      | M4edhros: but, this harm killed me
  4501 | D:4      | Chiseanne: I guess so
  4501 | D:4      | M4edhros: caus this amulet had -rf
  4501 | D:4      | M4edhros: and i had 0rf and met margery and hell knights
  4501 | D:4      | Chiseanne: ouch
  4501 | D:4      | M4edhros: yep...
  4501 | D:4      | M4edhros: should have played better
  4501 | D:4      | M4edhros: but i know i could win with this char so im not angry with myself : )
  4501 | D:4      | M4edhros: ima start new octopode now
  4501 | D:4      | M4edhros: it was formicid
  4501 | D:4      | Chiseanne: gl hehe
  4824 | D:4      | Found a staircase to the Ecumenical Temple.
  4830 | Temple   | Entered the Ecumenical Temple
  4862 | Temple   | Became a worshipper of Gozag Ym Sagoz the Greedy
  5597 | D:5      | Reached XP level 8. HP: 53/65 MP: 8/8
  5613 | D:5      | Reached skill level 7 in Fighting
  6205 | D:5      | Found a blossoming altar of Fedhas.
  6552 | D:5      | M4edhros: monk of gozag?
  6558 | D:5      | M4edhros: i go gozag also : )
  6558 | D:5      | M4edhros: but wy monk
  6558 | D:5      | Chiseanne: I had no special plan..so I came across a gozak shrine and thought it was a good idea
  6558 | D:5      | Chiseanne: I can switch later on
  6728 | D:6      | M4edhros: u get no bonus piety from being gozag
  6732 | D:6      | Chiseanne: I know
  6778 | D:6      | M4edhros: but gozag is great i love him so much : )
  6778 | D:6      | Chiseanne: I just couldnt resist haha
  6788 | D:6      | Chiseanne: same..my fav <3
  6845 | D:6      | Found a shadowy altar of Dithmenos.
  6891 | D:6      | Reached skill level 8 in Fighting
  6949 | D:6      | Found a sparkling altar of Nemelex Xobeh.
  7340 | D:7      | Gained mutation: You regenerate a little health from kills. [demonic ancestry]
  7340 | D:7      | Reached XP level 9. HP: 71/74 MP: 9/9
  7467 | D:7      | Found an iron altar of Okawaru.
  7653 | D:7      | Bought a +2 blowgun of evasion for 225 gold pieces
  7663 | D:7      | Reached skill level 5 in Armour
  7929 | D:7      | Gained mutation: You evolve. [potion of beneficial mutation]
  8346 | D:8      | Reached skill level 1 in Shields
  8385 | D:8      | Found a deep blue altar of Sif Muna.
  8439 | D:8      | Noticed Grum
  8784 | D:8      | Found a staircase to the Lair.
  8937 | D:8      | M4edhros: what did u buy already?
  8937 | D:8      | Chiseanne: +2 blowgun
  8937 | D:8      | Chiseanne: evasion
  8947 | D:8      | Noticed a polar bear
  8956 | D:8      | Killed a polar bear
  8956 | D:8      | Reached skill level 9 in Fighting
  9059 | D:8      | Found a shimmering altar of Xom.
  9315 | D:8      | Killed Grum
  9315 | D:8      | Gained mutation: You are partially covered in yellow scales (AC +2). [demonic ancestry]
  9315 | D:8      | Reached XP level 10. HP: 70/83 MP: 10/10
  9995 | D:9      | Noticed a hill giant
 10026 | D:9      | Killed a hill giant
 10070 | D:9      | Killed an unseen horror
 10467 | D:9      | Killed an unseen horror
 10467 | D:9      | Reached skill level 10 in Fighting
 10616 | D:9      | Identified the Volume of Supportive Beguiling
 10828 | D:9      | Lost mutation: You evolve. [end of evolution]
 10985 | D:9      | Got a warped cloak
 11049 | D:9      | Found Fiema's Gadget Shoppe.
 11317 | D:10     | Entered Level 10 of the Dungeon
 11374 | D:10     | Found Ohoimaf's Antique Armour Emporium.
 11463 | D:10     | Gained mutation: You are mostly covered in yellow scales (AC +3). [demonic ancestry]
 11463 | D:10     | Reached XP level 11. HP: 69/91 MP: 8/11
 11483 | D:10     | Found Amom's Food Shop.
 11493 | D:10     | Found a bloodstained altar of Trog.
 11517 | D:10     | Reached skill level 5 in Shields
 11592 | D:10     | Bought a shimmering cloak for 304 gold pieces
 11642 | D:10     | Found Myoffeck's Gadget Shoppe.
 11642 | D:10     | Noticed a seven-headed hydra
 11647 | D:10     | M4edhros: wear that cloak
 11647 | D:10     | M4edhros: oh
 11647 | D:10     | Chiseanne: bope
 11647 | D:10     | Chiseanne: nope
 11647 | D:10     | M4edhros: why?
 11647 | D:10     | Chiseanne: got no remove curse
 11666 | D:10     | M4edhros: u have one
 11683 | D:10     | Chiseanne: oops
 11683 | D:10     | Chiseanne: ty :)
 11695 | D:10     | M4edhros: get down into corridor
 11695 | D:10     | Chiseanne: will do after fight
 11696 | D:10     | M4edhros: and punch in the air
 11714 | D:10     | Killed an unseen horror
 11894 | D:10     | Identified the +1 cloak of Servitude {MP+9 Dex+2} (You found it on level 9 of the Dungeon)
 11904 | D:10     | Identified the cursed +0 cloak of the Shore {+Fly} (You bought it in a shop on level 10 of the Dungeon)
 12025 | D:10     | Chiseanne: 39 mp with guardian spirit ..not bad :)
 12209 | D:10     | Found Zujol's Assorted Antiques.
 12218 | D:10     | Bought a potion of heal wounds for 155 gold pieces
 12218 | D:10     | Bought a potion of curing for 93 gold pieces
 12290 | D:10     | Killed a seven-headed hydra
 12394 | D:10     | Found Ciekk's Jewellery Shop.
 12417 | D:10     | M4edhros: yep : )
 12417 | D:10     | M4edhros: box of beast is life saver
 12417 | D:10     | M4edhros: and with 10 evo or so
 12417 | D:10     | Chiseanne: absolutely
 12417 | D:10     | Chiseanne: spiders sack also
 12417 | D:10     | M4edhros: its very reliable item to wiping out some elves
 12479 | D:10     | M4edhros: yep
 12677 | D:11     | Found Buth's Jewellery Emporium.
 12685 | D:11     | Bought a cursed -2 ring of dexterity for 26 gold pieces
 12692 | D:11     | Noticed Snorg
 12872 | D:11     | Found a staircase to the Orcish Mines.
 13119 | D:11     | Noticed Sonja
 13130 | D:11     | Killed Sonja
 13169 | D:11     | Found Zecon's Book Boutique.
 13176 | D:11     | M4edhros: curares, good : )
 13192 | D:11     | Chiseanne: yassss!
 13218 | D:11     | Noticed a cyan ugly thing
 13233 | D:11     | Chiseanne: damn where is that troll?
 13404 | D:11     | Reached skill level 11 in Fighting
 13651 | D:11     | Killed a cyan ugly thing
 13672 | D:11     | Reached skill level 10 in Dodging
 13801 | D:11     | M4edhros: gozag ;/
 13803 | D:11     | M4edhros: no troll armour
 13803 | D:11     | Chiseanne: Snorg
 13803 | D:11     | Chiseanne: now I found the curare he is gone
 14453 | D:11     | Killed Snorg
 14618 | D:11     | Drowned

Vault maps used:
D:1:      saegor_arrival_simple_c
D:2:      elyvilon_altar_4, nicolae_overflow_hidden_temple
D:3:      hex_tiny, uniq_sigmund
D:4:      yredelemnul_altar_generic, minmay_temple_entry_enclosed_plants,
          first_bread, uniq_natasha
D:5:      fedhas_altar_3
D:6:      marbit_many_paths, grunt_dithmenos_shadows
D:7:      grunt_ogre_cave, okawaru_trees_2
D:8:      kennysheep_mini_moat, lemuel_round_altar, minmay_lair_entry_lava,
          serial_ice, serial_ice_c, serial_ice_m, serial_ice_o, serial_ice_k,
          serial_ice_d, st_stairs_4, serial_bayou_pond_a, uniq_grum
D:9:      serial_shops, nicolae_shop_waterfront, minmay_pinched_square
D:10:     serial_shops, nicolae_shop_trees, shop,
          nicolae_shop_overgrown_old_shop, nicolae_shop_behind_doors,
          nicolae_shop_overgrown_old_shop, trog_ov_bears_minmay
D:11:     orc_david_3, serial_shops, nicolae_shop_waterfront,
          nicolae_shop_waterfront, water_maze_lemuel, uniq_sonja, uniq_snorg
Temple:   minmay_temple_forest_path_12

Skill      XL: |  1  2  3  4  5  6  7  8  9 10 11 |
---------------+----------------------------------+-----
Dodging        | 3 4 5 6 7 8 9 10 | 10.1
Fighting       | 4 5 6 8 9 10 11 | 11.2
Armour         | 2 4 6 7 8 |  8.7
Shields        | 3 4 6 |  6.6
Stealth        | |  1.7
Unarmed Combat | |  3.6

Action                   |  1- 3 |  4- 6 |  7- 9 | 10-12 || total
-------------------------+-------+-------+-------+-------++-------
Melee: Unarmed           |   126 |   130 |       |       ||   256
       Dagger            |       |    53 |   450 |   622 ||  1125
       Flail             |       |       |       |     8 ||     8
 Fire: Blowgun           |       |       |    12 |    28 ||    40
Throw: Tomahawk          |       |       |     3 |     2 ||     5
Invok: Call Merchant     |       |       |     1 |     1 ||     2
Evoke: Wand              |       |    13 |       |     8 ||    21
  Use: Scroll            |       |     9 |    11 |     6 ||    26
       Potion            |       |     6 |     2 |     5 ||    13
 Stab: Sleeping          |     1 |     1 |       |     3 ||     5
       Distracted        |     1 |       |     2 |     5 ||     8
       Invisible         |       |     1 |       |       ||     1
  Eat: Chunk             |     1 |     8 |     2 |       ||    11
       Fruit             |       |     1 |     5 |       ||     6
       Bread ration      |       |       |     2 |     3 ||     5
       Beef jerky        |       |       |     2 |     4 ||     6
       Royal jelly       |       |       |     1 |       ||     1
